 Dungeon Crawl Stone Soup version 0.24-a0-181-gd121a6d4c0 (webtiles) character file.

Game seed: 16389522761293660164

103 MrRokkomies the Vandal (level 5, -1/36 HPs)
             Began as a Halfling Hunter on Mar 14, 2019.
             Slain by a mummy (15 damage)
             ... in an ossuary.
             The game lasted 00:08:19 (1527 turns).

MrRokkomies the Vandal (Halfling Hunter)            Turns: 1527, Time: 00:08:19

Health: -1/36      AC:  6    Str: 13    XL:     5   Next: 6%
Magic:  5/5        EV: 14    Int: 10    God:
Gold:   25         SH:  7    Dex: 15    Spells: 4/4 levels left

rFire    . . .     SeeInvis .   b - +0 falchion
rCold    . . .     Gourm    .   t - +2 buckler
rNeg     . . .     Faith    .   v - +0 ring mail
rPois    .         Spirit   .   r - +0 helmet
rElec    .         Reflect  .   (no cloak)
rCorr    .         Harm     .   (no gloves)
MR       .....                  (no boots)
Stlth    +.........             l - amulet of rage
HPRegen  0.12/turn              (no ring)
MPRegen  0.09/turn              (no ring)

@: marked
A: small, mutation resistance 1
a: Evoke Berserk Rage


You were in an ossuary.
You were not hungry.

You visited 1 branch of the dungeon, and saw 4 of its levels.
You also visited: Ossuary.

You collected 25 gold pieces.

Inventory:

Hand Weapons
 a - a +1 hunting sling
 b - a +0 falchion (weapon)
 u - a +0 short sword
Missiles
 h - 29 poisoned needles
 m - 17 stones (quivered)
Armour
 c - a +0 leather armour
 r - a +0 helmet (worn)
 t - a +2 buckler (worn)
 v - a +0 ring mail (worn)
Jewellery
 l - an amulet of rage (around neck)
Scrolls
 k - a scroll of teleportation
Potions
 e - a potion of haste
 j - 2 potions of heal wounds
 q - a potion of flight
 s - a potion of resistance
Comestibles
 f - a ration
 p - 3 chunks of flesh


   Skills:
 * Level 3.0 Fighting
 + Level 6.4 Slings
 - Level 3.4 Dodging
 - Level 1.1 Stealth
 * Level 1.2 Shields


You had 4 spell levels left.
You didn't know any spells.
Your spell library was empty.

Dungeon Overview and Level Annotations

Branches:
Dungeon (4/15)
 Temple: D:4-7

Altars:
Ashenzari

Annotations:
D:4 Pikel


Innate Abilities, Weirdness & Mutations

You are small and have problems with some larger weapons.
You are somewhat resistant to further mutation.


Message History

The mummy hits you but does no damage.
You hit the mummy.
The mummy is severely damaged.
The mummy hits you!
You are too injured to fight recklessly!
You slash the mummy!
You destroy the mummy!
Your Shields skill increases to level 1!
You have reached level 5!
You feel agile. The mummy hits you.
Your shield prevents you from hitting the mummy.
The mummy barely misses you.
You closely miss the mummy. The mummy barely misses you.
You hit the mummy.
The mummy is moderately damaged.
You hit the mummy but do no damage.
The mummy is moderately damaged.
The mummy hits you!
You die...

( . #( # #.
###(### +.#
##.(...##
#..###(......##
+...#(........#
#..@M....⌠....+
+.^.#.........#
#..###.......##
+.# ##.....##
#. ###'### #^
#.# ! ##.## .
#.\.# #.\.#


You could see a mummy.

Vanquished Creatures
  3 mummies (Ossuary)
  Robin (D:2)
  An ooze (D:1)
  A worm (D:3)
  2 dart slugs
  An orc (D:4)
  2 giant cockroaches
  11 goblins
  6 hobgoblins
  A jackal (D:3)
  3 kobolds
  6 bats
  2 rats (D:1)
40 creatures vanquished.

Notes
Turn   | Place    | Note
-------+----------+-------------------------------------------
     0 | D:1      | MrRokkomies the Halfling Hunter began the quest for the
                  | Orb.
     0 | D:1      | Reached XP level 1. HP: 14/14 MP: 1/1
   251 | D:1      | Reached XP level 2. HP: 15/19 MP: 2/2
   259 | D:1      | Reached skill level 6 in Slings
   346 | D:1      | Reached XP level 3. HP: 10/24 MP: 3/3
   940 | D:2      | Noticed Robin
  1164 | D:2      | Killed Robin
  1164 | D:2      | Reached XP level 4. HP: 21/30 MP: 4/4
  1271 | D:2      | You fall through a shaft!
  1378 | D:3      | Found a shattered altar of Ashenzari.
  1445 | D:4      | Noticed a slave
  1445 | D:4      | Noticed a slave
  1445 | D:4      | Noticed a slave
  1445 | D:4      | Noticed a slave
  1445 | D:4      | Noticed Pikel
  1474 | D:4      | Found a sand-covered staircase.
  1479 | Ossuary  | Entered an ossuary
  1523 | Ossuary  | Reached skill level 1 in Shields
  1523 | Ossuary  | Reached XP level 5. HP: 19/36 MP: 5/5
  1527 | Ossuary  | Slain by a mummy

Levels and vault maps discovered:
D:1:      lightli_arrival_isolated_outpost, layout_basic, serial_corexii_hall,
          corexii_hall_statues_l, chequers_hall_statues_y
D:2:      layout_rooms, lemuel_doored_altar,
          nicolae_dithmenos_through_a_glass_darkly,
          nicolae_overflow_crystal_walls, uniq_robin
D:3:      layout_loops_ring, cheibrodos_ashenzari_chains,
          chequers_ecumenical_altar_grove
D:4:      layout_rooms, first_ration, enter_ossuary_5,
          fedhas_bush_and_centaur_altar, uniq_edmund, uniq_blork_the_orc,
          uniq_natasha, uniq_pikel, uniq_duvessa
Ossuary:  ossuary_crypta

Skill      XL: |  1  2  3  4 |
---------------+-------------+-----
Fighting       | 2 3 |  3.0
Slings         | 6 |  6.4
Dodging        | 3 |  3.4
Shields        | 1 |  1.2
Stealth        | |  1.1

Action                   |  1- 3 |  4- 6 || total
-------------------------+-------+-------++-------
Melee: Short sword       |   112 |    22 ||   134
       Falchion          |       |     8 ||     8
 Fire: Hunting sling     |     7 |    34 ||    41
  Use: Scroll            |       |     8 ||     8
       Potion            |       |     1 ||     1
  Eat: Chunk             |     1 |     1 ||     2
Armor: Leather armour    |    27 |     9 ||    36
       Ring mail         |       |     1 ||     1
Dodge: Dodged            |   109 |    36 ||   145
Block: Buckler           |       |     3 ||     3
       Rpst.: Falchion   |       |     1 ||     1

Table legend:
 A = Non-vault XP
 B = Vault XP
 C = Vault XP percentage of total XP
 D = Non-vault monster count
 E = Vault monster count
 F = Vault count percentage of total count
                 A         B        C        D         E       F
            +---------+---------+-------+---------+---------+-------
      Total |      55 |      93 |  62.8 |      24 |      16 |  40.0
            +---------+---------+-------+---------+---------+-------
        D:1 |      31 |      19 |  38.0 |      15 |      10 |  40.0
        D:2 |       0 |      20 | 100.0 |       0 |       3 | 100.0
        D:3 |      21 |       0 |   0.0 |       8 |       0 |   0.0
        D:4 |       3 |       0 |   0.0 |       1 |       0 |   0.0
    Ossuary |       0 |      54 | 100.0 |       0 |       3 | 100.0
            +---------+---------+-------+---------+---------+-------
